Map: Port Aleksander LE

Players

SortOf - Winner!

  • Race: Zerg Zerg
  • Spawn Location: 11:00

Cloudy

  • Race: Protoss Protoss
  • Spawn Location: 5:00

Event: 2019 WCS Spring

VOD

Have the link to the VOD?

Description

Time

  • Played on: May 18, 2019, 8:31 a.m.
  • Length: 16:16

All games in this series

Show
View Real Time Build Order
Export as new Build Order

SortOf Zerg - Winner!

Build Orders: Hatch First 

Get SALT Encoding   

  12  0:00  Drone  
  13  0:12  Overlord  
  13  0:18  Drone  
  14  0:32  Drone x2  
  16  0:45  Drone  
  17  0:52  Hatchery  
  16  0:57  Drone  
  16  1:00  Drone  
  18  1:13  Extractor  
  18  1:16  Spawning Pool  
  18  1:18  Drone  
  17  1:21  Drone  
  18  1:28  Drone  
  20  1:40  Drone  
  20  1:50  Hatchery  
  20  1:52  Drone  
  20  2:05  Queen  
  20  2:06  Zergling x2  
  23  2:13  Overlord  
  23  2:15  Drone  
  24  2:19  Drone  
  25  2:23  Drone  
  26  2:31  Drone  
  26  2:33  Drone  
  28  2:39  Queen  
  28  2:42  Zergling x2  
  31  2:45  Queen  
  31  2:48  Metabolic Boost  
  33  2:53  Drone  
  33  2:55  Drone  
  35  3:00  Overlord  
  35  3:01  Drone  
  36  3:07  Zergling x2  
  36  3:11  Drone x2  
  39  3:13  Drone  
  39  3:17  Overlord  
  39  3:19  Queen  
  40  3:22  Drone  
  40  3:25  Drone  
  44  3:27  Drone  
  44  3:30  Drone  
  46  3:34  Overlord  
  46  3:36  Spore Crawler  
  44  3:41  Zergling x2  
  44  3:42  Zergling x2  
  46  3:48  Drone x4  
  46  3:52  Evolution Chamber, Queen  
  51  3:56  Spore Crawler, Drone  
  51  3:59  Drone  
  51  4:00  Drone  
  53  4:05  Drone  
  53  4:06  Drone  
  55  4:11  Spore Crawler, Drone  
  55  4:14  Overlord, Drone  
  55  4:15  Drone  
  57  4:19  Zerg Melee Weapons Level 1  
  57  4:24  Drone  
  57  4:29  Drone  
  57  4:30  Drone x2  
  58  4:37  Overlord, Drone x2  
  58  4:38  Drone x4  
  63  4:48  Zergling x6  
  63  4:49  Zergling x2  
  63  4:52  Overlord  
  66  4:55  Lair  
  66  4:56  Extractor, Queen  
  67  5:01  Drone x4  
  70  5:08  Drone x3  
  72  5:15  Drone x2  
  72  5:17  Drone x3  
  76  5:22  Overlord  
  76  5:24  Overlord, Baneling Nest  
  75  5:30  Extractor x2, Spine Crawler  
  71  5:37  Zergling x16  
  71  5:38  Zergling x4  
  71  5:42  Queen  
  81  5:44  Overlord  
  81  5:46  Drone  
  81  5:47  Drone x4  
  88  5:50  Drone x2  
  88  5:55  Drone  
  90  6:01  Extractor x2, Hydralisk Den  
  87  6:06  Drone  
  88  6:16  Drone x10  
  98  6:23  Overlord  
  97  6:30  Overlord x3  
  97  6:31  Overlord  
  97  6:32  Overlord, Spine Crawler  
  94  6:37  Grooved Spines, Zerg Missile Weapons Level 1  
  92  6:44  Hydralisk x6  
  103  6:53  Hydralisk x2  
  103  6:54  Hydralisk x3  
  102  6:58  Overlord  
  102  6:59  Hydralisk  
  114  7:03  Overlord  
  114  7:04  Hydralisk, Zergling x2  
  117  7:08  Overseer  
  117  7:11  Baneling x6  
  117  7:13  Hydralisk, Zergling x2  
  117  7:14  Zergling x2  
  121  7:21  Hydralisk x2  
  121  7:22  Hydralisk  
  126  7:30  Hydralisk  
  126  7:31  Hatchery  
  126  7:33  Zergling x6  
  126  7:36  Centrifical Hooks  
  130  7:41  Overlord  
  130  7:45  Hydralisk  
  130  7:46  Hydralisk, Zergling x6  
  137  7:53  Muscular Augments, Overlord  
  137  7:55  Overlord  
  137  8:01  Zergling x16  
  144  8:10  Baneling x8  
  144  8:12  Zergling x12  
  147  8:18  Zergling x2  
  147  8:19  Zergling x2  
  147  8:21  Baneling x5  
  147  8:24  Zergling x2  
  147  8:25  Zergling x6  
  151  8:31  Zergling x4  
  141  8:41  Zergling x6  
  140  8:53  Zerg Melee Weapons Level 2  
  140  8:58  Zergling x8  
  138  9:07  Hatchery  
  138  9:08  Hatchery  
  136  9:10  Baneling x32, Overseer  
  136  9:19  Hydralisk x3  
  142  9:31  Baneling x4  
  142  9:32  Zergling x16  
  142  9:37  Queen  
  152  9:41  Zergling x8  
  146  9:58  Zergling x24  
  137  10:05  Hydralisk x4  
  134  10:11  Zergling x4  
  121  10:16  Hydralisk  
  113  10:21  Drone x3  
  113  10:22  Drone x4  
  113  10:27  Hydralisk x2  
  120  10:31  Baneling x11  
  120  10:34  Baneling x5  
  120  10:37  Baneling x3  
  120  10:38  Zergling x4  
  120  10:45  Zergling x12  
  120  10:49  Hydralisk x2  
  126  11:04  Zergling x2  
  126  11:05  Zergling x26  
  126  11:09  Hydralisk x2  
  144  11:18  Overseer  
  144  11:19  Hydralisk x3, Zergling x4  
  144  11:20  Zergling x2  
  144  11:21  Overlord  
  144  11:24  Baneling x5  
  144  11:25  Baneling  
  153  11:31  Baneling x5  
  152  11:34  Zergling x12  
  152  11:36  Baneling x5  
  158  11:45  Zergling x18  
  160  11:58  Baneling x20  
  159  12:02  Overlord  
  159  12:05  Drone x3  
  162  12:09  Infestation Pit  
  162  12:10  Zergling x16  
  168  12:18  Overlord  
  168  12:20  Overlord  
  168  12:21  Hydralisk x3  
  172  12:36  Hydralisk x7  
  172  12:38  Baneling x5  
  172  12:39  Baneling  
  172  12:41  Baneling x4  
  184  12:47  Baneling x13  
  183  12:54  Hydralisk x2, Zergling x4  
  183  12:55  Zergling x2  
  184  12:59  Zergling x10  
  187  13:11  Zergling x8  
  187  13:12  Zergling x12  
  196  13:19  Zergling x2  
  188  13:20  Zergling x4  
  188  13:21  Zergling x6  
  188  13:28  Zergling x8  
  184  13:36  Zergling x8  
  173  13:48  Hydralisk x6  
  154  13:56  Hive  
  154  13:58  Drone x5  
  159  14:05  Drone x4  
  159  14:06  Drone x2  
  165  14:14  Zergling x4  
  167  14:20  Extractor  
  167  14:23  Extractor  
  164  14:25  Baneling  
  164  14:26  Baneling x10  
  164  14:27  Overlord  
  164  14:29  Zergling x6  
  164  14:30  Zergling x16  
  174  14:42  Zergling x22  
  182  14:50  Zergling x10  
  176  15:04  Zergling x18  
  162  15:07  Zergling x8  
  162  15:10  Zergling x2  
  151  15:14  Zergling x10  
  151  15:17  Hydralisk  
  151  15:19  Hydralisk x2  
  150  15:22  Hydralisk  
  150  15:25  Zergling x12  
  150  15:26  Baneling, Overseer  
  150  15:27  Baneling x26  
  149  15:28  Baneling  
  149  15:29  Zergling x2  
  149  15:33  Hydralisk x3  
  156  15:44  Zergling x2  
  156  15:47  Zergling x6  
  156  15:48  Zergling x10  
  165  15:54  Extractor  
  165  15:56  Extractor  
  142  15:57  Zergling x2  
  142  15:58  Zergling x14  
Show
View Real Time Build Order
Export as new Build Order

Cloudy Protoss 

Build Orders: 1 Gate Expand, Oracle Opening, Phoenix Opening, Archon Immortal 

Get SALT Encoding   

  12  0:01  Probe  
  13  0:13  Probe  
  14  0:20  Pylon  
  14  0:25  Probe  
  15  0:35  Probe  
  15  0:39  Gateway  
  16  0:43  Probe  
  16  0:46  Assimilator  
  17  0:53  Probe  
  18  1:05  Probe  
  19  1:17  Probe  
  20  1:27  Nexus  
  20  1:37  Cybernetics Core  
  20  1:40  Probe  
  21  1:48  Assimilator  
  21  1:53  Probe  
  22  1:57  Pylon  
  22  2:05  Probe  
  22  2:06  Adept  
  23  2:17  Probe  
  23  2:20  Stargate  
  26  2:25  Probe  
  26  2:28  Warp Gate  
  26  2:29  Adept  
  27  2:35  Probe  
  29  2:40  Probe  
  31  2:46  Probe  
  32  2:52  Probe  
  32  2:58  Probe  
  34  3:00  Adept  
  34  3:02  Phoenix  
  34  3:04  Probe  
  37  3:10  Probe  
  40  3:16  Probe  
  41  3:22  Oracle, Probe, Pylon  
  42  3:28  Probe  
  46  3:40  Probe  
  46  3:41  Probe  
  48  3:44  Gateway  
  48  3:48  Assimilator  
  48  3:50  Assimilator  
  48  3:52  Probe  
  48  3:54  Probe  
  50  3:58  Robotics Facility  
  50  4:04  Probe  
  50  4:06  Probe, Twilight Council  
  52  4:12  Pylon  
  52  4:16  Probe  
  53  4:18  Probe  
  50  4:35  Probe  
  50  4:37  Gateway  
  51  4:38  Gateway, Warp Prism  
  51  4:39  Pylon  
  51  4:41  Adept  
  51  4:44  Adept  
  51  4:45  Probe  
  56  4:51  Templar Archives  
  58  5:05  Forge  
  58  5:09  Nexus  
  58  5:11  Pylon  
  58  5:19  Pylon  
  58  5:26  Forge  
  58  5:34  Pylon  
  58  5:41  Probe  
  58  5:42  Probe  
  58  5:49  Immortal  
  58  5:57  Charge  
  58  5:58  High Templar x3  
  58  5:59  High Templar  
  58  6:02  Protoss Ground Weapons Level 1  
  70  6:09  Gateway  
  70  6:10  Gateway  
  70  6:17  Immortal  
  70  6:18  Gateway  
  70  6:20  Gateway  
  70  6:27  Pylon  
  70  6:28  Pylon  
  70  6:31  Archon  
  70  6:32  Archon  
  73  6:35  Pylon  
  73  6:37  Pylon  
  74  6:40  Probe x3  
  74  6:44  Immortal  
  76  6:49  Sentry x3  
  76  6:52  Probe x3  
  85  6:57  Pylon  
  85  6:58  Pylon  
  89  7:04  Probe x3  
  92  7:16  Probe x3  
  92  7:17  Zealot x4  
  92  7:18  Zealot  
  105  7:23  High Templar x2  
  105  7:24  Zealot  
  105  7:28  Probe, Archon  
  112  7:35  Photon Cannon  
  112  7:49  Zealot  
  112  7:51  Zealot x5  
  118  7:56  Pylon  
  118  7:57  Zealot x2  
  118  7:58  Pylon  
  128  8:02  Pylon  
  123  8:12  Psionic Storm  
  123  8:17  Probe  
  123  8:18  Probe x2  
  124  8:20  Assimilator  
  124  8:22  Assimilator  
  124  8:23  High Templar x2  
  124  8:24  High Templar x2  
  130  8:30  Probe x3  
  127  8:40  High Templar  
  128  8:42  Archon  
  128  8:44  Probe x2  
  128  8:48  Probe  
  122  8:56  Probe x2  
  122  8:59  High Templar  
  122  9:00  Probe  
  125  9:03  Warp Prism  
  125  9:07  Photon Cannon, Pylon  
  125  9:08  Photon Cannon, Probe x2  
  125  9:09  Pylon  
  117  9:12  Probe  
  117  9:13  Protoss Ground Weapons Level 2  
  117  9:16  High Templar  
  122  9:19  Probe  
  122  9:21  Zealot  
  122  9:22  Probe  
  125  9:24  Pylon  
  125  9:25  Probe  
  125  9:27  Probe  
  125  9:29  Photon Cannon  
  125  9:30  High Templar, Probe  
  130  9:37  Probe  
  132  9:39  High Templar  
  129  9:47  Zealot x5  
  124  9:52  Immortal  
  124  9:56  Archon x2  
  124  9:58  Zealot  
  89  10:12  Probe  
  89  10:13  Probe  
  83  10:14  Zealot  
  83  10:15  Zealot x3  
  91  10:25  Zealot, Probe x2  
  91  10:26  Probe  
  96  10:32  High Templar x3  
  102  10:36  Immortal  
  102  10:37  Probe x2  
  102  10:38  Probe  
  105  10:49  Probe x2  
  109  10:59  Zealot x3  
  99  11:05  High Templar x4  
  99  11:08  Probe x3  
  107  11:16  Probe x2  
  107  11:17  Probe  
  110  11:23  Zealot  
  115  11:28  Zealot  
  115  11:32  High Templar x2  
  121  11:36  Probe x3  
  121  11:37  Archon  
  114  11:55  High Templar x2  
  114  11:56  Zealot x4  
  114  11:59  Archon  
  121  12:09  Pylon  
  121  12:17  Nexus  
  121  12:19  Zealot x6  
  121  12:22  Protoss Ground Weapons Level 3  
  133  12:28  Zealot x2  
  137  12:32  Observer  
  136  12:41  Zealot x4  
  144  12:44  High Templar x2  
  138  12:58  Sentry  
  138  12:59  Zealot  
  138  13:07  Zealot x2  
  138  13:08  Zealot x2  
  138  13:21  Zealot x4  
  138  13:29  Immortal  
  128  13:37  Zealot x3  
  114  13:48  Archon  
  114  13:50  High Templar x3  
  114  13:51  High Templar x2  
  102  14:03  High Templar x2  
  102  14:05  Immortal  
  102  14:07  Probe x3  
  102  14:08  Probe  
  114  14:11  Archon  
  114  14:14  Photon Cannon  
  114  14:25  High Templar x2  
  114  14:28  Zealot, Sentry  
  114  14:29  Archon  
  122  14:31  Probe  
  118  14:43  Zealot x4  
  118  14:44  Immortal  
  108  14:57  Zealot x4  
  114  15:04  Archon  
  114  15:06  Archon x2  
  96  15:09  Zealot x3  
  96  15:10  Zealot  
  83  15:21  Zealot x4  
  87  15:35  High Templar x4  
  95  15:39  Archon x2  
  95  15:44  Zealot x4  
  100  15:51  Nexus  
  68  16:07  Zealot x5  
Tags
 
Add a new tag
Caveats
  • Supply blocks, unpowered buildings, or Contaminate may cause inaccurate times.
  • Supply counts are checked every 10 seconds.